 Dungeon Crawl Stone Soup version 0.30-a0-170-g85af917532 (console) character file.

Game seed: 15941518528011902265

2 capslocke the Cudgeller (level 1, -1/22 HPs)
             Began as an Ogre Gladiator on Oct 1, 2022.
             Slain by a quokka (3 damage)
             ... on level 1 of the Dungeon.
             The game lasted 00:00:39 (76 turns).

capslocke the Cudgeller (Ogre Gladiator)              Turns: 76, Time: 00:00:39

Health: -1/22      AC:  3    Str: 17    XL:     1   Next: 40%
Magic:  1/1        EV: 10    Int:  9    God:
Gold:   12         SH:  0    Dex: 10    Spells: 0/0 levels left

rFire   . . .      SeeInvis .    a - +0 flail
rCold   . . .      Faith    .    (no shield)
rNeg    . . .      Spirit   .    b - +0 robe
rPois   .          Reflect  .    c - +0 hat
rElec   .          Harm     .    (no cloak)
rCorr   .          Rampage  .    (gloves unavailable)
Will    .....                    (boots unavailable)
Stlth   +.........               (no amulet)
HPRegen 0.07/turn                (no ring)
MPRegen 0.07/turn                (no ring)

@: no status effects
A: large, unfitting armour, tough skin 1
a: no special abilities


You were on level 1 of the Dungeon.
You visited 1 branch of the dungeon, and saw 1 of its levels.

You collected 12 gold pieces.

Inventory:

Hand Weapons
 a - a +0 flail (weapon)
Missiles
 d - 3 throwing nets (quivered)
 e - a large rock
Armour
 b - a +0 robe (worn)
 c - a +0 hat (worn)
Scrolls
 f - a scroll of brand weapon {unknown}


   Skills:
 + Level 2.7 Fighting
 + Level 2.7 Maces & Flails
 + Level 2.0 Throwing
 + Level 2.7 Dodging


You couldn't memorise any spells.
You didn't know any spells.
Your spell library contained the following spells:

 Spells                   Type           Power      Damage    Failure   Level
 Shock                    Conj/Air       0%         1d3       38%         1
 Swiftness                Air            0%         N/A       77%         3
 Airstrike                Air            0%         2d(0-16)  99%         4


Dungeon Overview and Level Annotations

Branches:
Dungeon (1/15)

Altars:


Innate Abilities, Weirdness & Mutations

You are too large for most types of armour.
You have tough skin. (AC +1)


Message History

An endoplasm and a ball python come into view.
Found 2 stones and a runed beryl amulet.
The endoplasm quivers.
The ball python hisses angrily.
The endoplasm jiggles.
A quokka comes into view.
The bat completely misses you. The bat hits you but does no damage. x2
You hit the ball python.
The ball python is severely wounded.
The bat hits you but does no damage. The ball python misses you.
The bat hits you but does no damage.
You barely miss the ball python.
The ball python is severely wounded.
The bat hits you but does no damage. The ball python misses you.
The ball python bites you.
You hit the ball python.
You kill the ball python!
The bat barely misses you. The endoplasm freezes you.
You are frozen.
The quokka barely misses you.
You miss the quokka. The bat closely misses you. The endoplasm misses you.
The quokka bites you. The endoplasm hits you.
You barely miss the quokka. The bat closely misses you.
The quokka barely misses you. The bat closely misses you.
The endoplasm freezes you.
You are frozen.
The quokka bites you.
You hit the quokka but do no damage. The bat hits you but does no damage.
The quokka barely misses you. The endoplasm barely misses you.
You hit the quokka but do no damage. The bat closely misses you.
The quokka closely misses you. The endoplasm freezes you.
You are frozen.
* * * LOW HITPOINT WARNING * * *
The bat hits you but does no damage. The quokka barely misses you.
You closely miss the quokka. The bat barely misses you.
The bat closely misses you.
The endoplasm hits you but does no damage.
The quokka bites you.
You die...

.....# ##. ....".. ..
..r.#..#.. [. .......(. ...
....#.... ..# .#
........###.# ..
#..#..br.##.##### ..
.....$J@......... P.
#..........###....#### ..
#.........## ###..#
.P##..........#####..####
..##....................#
♣.##..........######.####
.♣............# #.#
..###.......#.######.#######
..##........................


You could see an endoplasm, a quokka and a bat.

Vanquished Creatures
  A hobgoblin (D:1)
  A ball python (D:1)
  A rat (D:1)
3 creatures vanquished.

Notes
Turn   | Place    | Note
-------+----------+-------------------------------------------
     0 | D:1      | capslocke the Ogre Gladiator began the quest for the Orb.
     0 | D:1      | Reached XP level 1. HP: 22/22 MP: 1/1
    76 | D:1      | Slain by a quokka

Illustrated notes

Levels and vault maps discovered:
D:1:      wander_arrival_fairy_ring, layout_rooms

Action                   || total
-------------------------++-------
Melee: Flail             ||    11
Armor: Robe              ||     8
Dodge: Dodged            ||    18

Table legend: (Time is in decaauts)
 A = Elapsed time spent in this place.
 B = Non-inter-level travel time spent in this place.
 C = Inter-level travel time spent in this place.
 D = Time resting spent in this place.
 E = Time spent auto-exploring this place.
 F = Levels seen in this place.
 G = Mean time per level.
                   A        B        C        D        E       F      G
               +--------+--------+--------+--------+--------+-----+--------+
         Total |     78 |     78 |      0 |      0 |     47 |   1 |   78.0 |
       Dungeon |     78 |     78 |      0 |      0 |     47 |   1 |   78.0 |
               +--------+--------+--------+--------+--------+-----+--------+

Top non-repeatable levels by time:
     D:1: 78 daAuts
